 Dungeon Crawl Stone Soup version 0.25-a0-1133-g93ebf739aa (webtiles) character file.

Game seed: 14784166275456899695, levelgen mode: deterministic

196823 oygreggers the Executioner (level 18, -7/187 HPs)
             Began as a Hill Orc Berserker on May 19, 2020.
             Was the Champion of Trog.
             Blown up by an orb spider (26 damage)
             ... with a wavering orb of destruction
             ... on level 3 of the Spider Nest on May 22, 2020.
             The game lasted 03:36:50 (41693 turns).

oygreggers the Executioner (Hill Orc Berserker)    Turns: 41693, Time: 03:36:50

Health: -7/187     AC: 26    Str: 28    XL:     18   Next: 38%
Magic:  18/18      EV:  7    Int:  7    God:    Trog [******]
Gold:   761        SH:  0    Dex: 10    Spells: 17/17 levels left

rFire    + + .     SeeInvis .   R - +5 executioner's axe (vorpal)
rCold    + . .     Gourm    .   (shield currently unavailable)
rNeg     . . .     Faith    .   f - +9 scales of the Dragon King {rPois rF+ rC+ MR+}
rPois    +         Spirit   .   q - +0 helmet
rElec    .         Reflect  .   h - +2 cloak
rCorr    .         Harm     .   z - +1 pair of gloves
MR       ++...                  y - +0 pair of boots
Stlth    ..........             n - amulet of regeneration
HPRegen  0.81/turn              o - ring of protection from fire
MPRegen  0.16/turn              H - +4 ring of slaying

@: lethally poisoned (-7 -> -8), corroded, berserk cooldown, slowed, very slow
A: mutation resistance 1
}: 1/15 runes: decaying
a: Berserk, Trog's Hand, Brothers in Arms, Renounce Religion


You were on level 3 of the Spider Nest.
You worshipped Trog.
Trog was exalted by your worship.
You were not hungry.

You visited 5 branches of the dungeon, and saw 30 of its levels.

You collected 2757 gold pieces.
You spent 1996 gold pieces at shops.

Inventory:

Hand Weapons
 w - the +3 broad axe of the Little People {antimagic, Dex+2}
   (Trog gifted it to you on level 5 of the Lair of Beasts)

   It reduces the magical energy of the wielder, and disrupts the spells and
   magical abilities of those hit.
   Natural abilities and divine invocations are not affected.
   It affects your dexterity (+2).
 O - a +7 vorpal executioner's axe
 R - a +5 vorpal executioner's axe (weapon)
 U - a +2 hand axe of flaming
Missiles
 p - 32 boomerangs (quivered)
Armour
 f - the +9 scales of the Dragon King (worn) {rPois rF+ rC+ MR+}
   (You bought it in a shop on level 1 of the Orcish Mines)

   It protects you from fire.
   It protects you from cold.
   It protects you from poison.
   It affects your resistance to hostile enchantments.
 h - a +2 cloak (worn)
 q - a +0 helmet (worn)
 y - a +0 pair of boots (worn)
 z - a +1 pair of gloves (worn)
 K - a +2 tower shield
 Z - the +2 pair of gloves "Nyneadimei" {*Slow rPois rF+ rCorr}
   (You found it on level 6 of the Lair of Beasts)

   It protects you from fire.
   It protects you from poison.
   It provides partial protection from all sources of acid and corrosion.
   It may slow you when you take damage.
Jewellery
 b - an uncursed ring of resist corrosion
 n - an amulet of regeneration (around neck)
 o - a ring of protection from fire (left hand)
 A - a +4 ring of evasion {unknown}
 H - a +4 ring of slaying (right hand)
Wands
 k - a wand of enslavement (8)
 B - a wand of acid (9)
 E - a wand of paralysis (20)
 Q - a wand of polymorph (28)
 W - a wand of iceblast (30)
Scrolls
 a - a scroll of torment {unknown}
 d - 2 scrolls of teleportation
 e - 2 scrolls of summoning {unknown}
 l - a scroll of enchant weapon
 r - a scroll of fear
 t - 7 scrolls of remove curse
 F - 5 scrolls of magic mapping
 J - a scroll of enchant armour {unknown}
 L - a scroll of brand weapon {unknown}
 M - a scroll of blinking
 N - 2 scrolls of vulnerability {unknown}
 P - 4 scrolls of fog
 X - a scroll of identify
Potions
 g - 4 potions of curing
 i - a potion of invisibility
 j - 2 potions of mutation
 m - 2 potions of resistance
 s - a potion of cancellation {unknown}
 u - a potion of lignification
 v - 5 potions of flight
 x - 3 potions of haste
 C - 4 potions of might
 I - 3 potions of berserk rage {unknown}
 T - 2 potions of ambrosia
 V - a potion of experience {unknown}
 Y - a potion of magic {unknown}
Miscellaneous
 D - a lightning rod (4/4)
 S - a phial of floods
Comestibles
 c - 25 rations


   Skills:
 + Level 22.6 Fighting
 + Level 24.5 Axes
 + Level 14.3 Armour
 - Level 3.1 Dodging
 - Level 1.0 Stealth
 - Level 3.2 Shields


You had 17 spell levels left.
You didn't know any spells.
Your spell library was empty.

Dungeon Overview and Level Annotations

Branches:
Dungeon (15/15)            Temple (0/1) D:6            Lair (6/6) D:10
  Swamp (4/4) Lair:3       Spider (3/4) Lair:4        Slime (0/5) Lair:6
    Orc (2/2) D:10            Elf (0/3) Orc:2        Vaults (0/5) D:13
 Depths (0/5) D:15

Altars:
Qazlal
Xom
Beogh
Jiyva

Shops:
D:6 :   D:10 %   D:13 }   D:15 [   Orc:1 *   Orc:2 *[(?

Annotations:
Lair:2 3 runed translucent doors, Flugslaktarn's ghost, journeyman MiFi
Lair:3 1 runed translucent door


Innate Abilities, Weirdness & Mutations

You are somewhat resistant to further mutation.


Message History

You feel sick. The orb of destruction hits you!
* * * LOW HITPOINT WARNING * * *
The orb spider begins to weave its threads into a brightly glowing ball.
You hear an angry hiss. x2
You feel sick.
A jumping spider comes into view.
You feel sick.
A jumping spider comes into view.
You feel sick.
The jumping spider leaps!
The orb spider weaves a glowing orb of energy.
The jumping spider pounces on you!
* * * LOW HITPOINT WARNING * * *
The jumping spider barely misses you.
An orb of destruction comes into view.
You slice the orb spider!!
The orb spider is heavily wounded.
You barely miss the jumping spider. You slash the jumping spider!
You feel sick.
The wavering orb of destruction hits you!!
You die...

#^..........#
#..........^##
^...#.#...... .###
#^††)......
.....####[s.# ..
..........<†# #...
#.#..(...s.##....#
#.....^#.s##....^#
≈......#.s@.....#
#.^....#.s○.#....#
≈≈.#.....#### ..#
≈##.##.... #
.....^#. ....## .
..#$ ..#


You could see 2 orb spiders and 2 jumping spiders.

Vanquished Creatures
  A tentacled monstrosity (Swamp:4)
  Jorgrun (Swamp:2)
  2 thorn hunters
  The ghost of kaycho the Spry, an adept MfMo of Dithmenos (Swamp:1)
  Kirke (Swamp:2)
  Gastronok (Lair:2)
  Donald (Spider:3)
  Louise (Swamp:3)
  2 entropy weavers (Spider:3)
  The ghost of Kazezu the Warrior, a journeyman OpHu of Okawaru (Lair:6)
  2 very ugly things (Swamp:4)
  The ghost of Cleanse the Severer, a journeyman HOFi of Hepliaklqana (Lair:6)
  An ettin (Orc:2)
  2 green deaths (Swamp:4)
  Fannar (Lair:1)
  Erolcha (D:10)
  25 hydras
  3 shambling mangroves
  Harold (D:10)
  A catoblepas (D:15)
  3 centaur warriors
  2 ghost crabs (Swamp:4)
  9 two-headed ogres
  7 alligators
  3 dancing weapons
  2 ogre magi (D:15)
  A queen ant (Lair:2)
  9 death yaks
  2 thrashing horrors (Swamp:4)
  4 orc high priests (Orc:2)
  5 skeletal warriors
  3 unseen horrors
  2 spriggan druids
  A phantasmal warrior (D:15)
  A shadow dragon zombie (D:15)
  9 swamp dragons
  Pikel (D:5)
  4 lindwurms (Lair:5)
  3 orc knights
  A necromancer (D:15)
  2 orc sorcerers
  A fire giant zombie (D:15)
  7 orb spiders
  9 wolf spiders
  2 deep elf magi
  18 ugly things
  3 cyclopes
  14 elephants
  Psyche (D:12)
  4 black mambas
  Joseph (D:8)
  15 spiny frogs
  4 gargoyles
  3 orange demons (Swamp:4)
  11 komodo dragons
  A spriggan skeleton (D:15)
  3 efreet
  A kobold demonologist (D:12)
  5 rime drakes
  9 demonic crawlers
  A tengu conjurer (D:14)
  A guardian mummy (D:15)
  7 jumping spiders
  A jumping spider (shapeshifter) (D:13)
  5 trolls
  Grinder (D:6)
  3 polar bears
  14 blink frogs
  36 slime creatures
  2 tyrant leeches (Swamp:2)
  22 hornets
  12 bog bodies
  9 hippogriffs
  4 dream sheep (Lair:6)
  17 redbacks
  2 shadows
  23 spriggans
  A vampire (D:15)
  2 wyverns
  A centaur simulacrum (D:14)
  44 yaks
  11 tarantellas
  3 wraiths
  3 hungry ghosts
  7 basilisks
  The ghost of Amnesiac the Ogre Mage, an amateur OgWz (D:5)
  2 hogs (Swamp:2)
  15 vampire mosquitoes
  16 swamp worms
  3 wargs
  9 insubstantial wisps (Swamp:1)
  7 water moccasins
  5 soldier ants (Lair:2)
  3 acid dragons
  A floating eye (D:12)
  7 swamp drakes
  11 porcupines
  25 orc warriors
  A slave (D:5)
  6 ice beasts
  5 sky beasts
  4 boggarts (Lair:6)
  4 eyes of draining
  3 phantoms
  A sky beast (shapeshifter) (D:15)
  7 black bears
  13 ogres
  15 centaurs
  23 wolves
  14 crocodiles
  The ghost of HYPERHYPER the Shield-Bearer, an amateur GrFi (D:3)
  4 big kobolds
  A yaktaur zombie (D:15)
  20 bullfrogs
  2 wyvern zombies
  A small abomination (Swamp:4)
  2 water moccasin zombies
  2 wyvern skeletons (D:11)
  5 scorpions
  5 killer bees (D:9)
  A vampire bat (D:9)
  11 wights
  3 howler monkeys
  2 electric eels
  6 crimson imps
  A quasit (D:7)
  14 hounds
  10 jellies
  26 orc priests
  2 centaur zombies
  2 bullfrog skeletons
  7 centaur skeletons
  7 iguanas
  20 worker ants
  28 orc wizards
  A hound zombie (D:7)
  2 hound skeletons (D:5)
  2 worker ant zombies (D:5)
  2 gnolls (D:5)
  20 adders
  5 river rats (D:6)
  3 shadow imps
  7 oozes
  6 worms
  3 dart slugs
  6 leopard geckos
  98 orcs
  A ball python (D:3)
  18 bats
  4 giant cockroaches
  9 goblins
  5 hobgoblins (D:2)
  24 jackals
  14 quokkas
  A ball python skeleton (D:5)
  3 frilled lizards
  26 kobolds
  24 rats
  A bush (Lair:5)
  6 fungi
  9 plants
1152 creatures vanquished.

Vanquished Creatures (others)
  2 humans (Swamp:2)
  A slave (D:5)
  A jelly (D:15)
  An orc priest (D:5)
  An orc wizard (D:5)
  A worker ant (D:5)
  A gnoll (D:5)
  An orc (D:5)
  3 bushes (D:10)
  9 fungi
  26 plants
  8 withered plants
55 creatures vanquished.

Grand Total: 1207 creatures vanquished

Notes
Turn   | Place    | Note
-------+----------+-------------------------------------------
     0 | D:1      | oygreggers the Hill Orc Berserker began the quest for the
                  | Orb.
     0 | D:1      | Reached XP level 1. HP: 19/19 MP: 1/1
   125 | D:1      | Reached XP level 2. HP: 23/27 MP: 2/2
   444 | D:1      | Reached ** piety under Trog
   659 | D:1      | Reached XP level 3. HP: 31/33 MP: 3/3
   926 | D:2      | Reached skill level 5 in Axes
  1241 | D:2      | Reached XP level 4. HP: 13/41 MP: 4/4
  1976 | D:2      | Reached XP level 5. HP: 47/47 MP: 5/5
  1983 | D:2      | Reached skill level 6 in Axes
  2393 | D:2      | Noticed a sky beast
  2399 | D:2      | Killed a sky beast
  2399 | D:2      | Reached skill level 5 in Fighting
  2399 | D:2      | Reached XP level 6. HP: 56/56 MP: 6/6
  2737 | D:2      | Reached *** piety under Trog
  2908 | D:3      | Found a large runed translucent door.
  2910 | D:3      | Found a large runed translucent door.
  2912 | D:3      | Noticed HYPERHYPER's ghost (amateur GrFi)
  3014 | D:3      | Reached skill level 7 in Axes
  3269 | D:3      | Found a shimmering altar of Xom.
  3772 | D:3      | Killed HYPERHYPER's ghost
  3945 | D:4      | Reached XP level 7. HP: 61/61 MP: 7/7
  3953 | D:4      | Reached **** piety under Trog
  4408 | D:4      | Reached skill level 1 in Stealth
  4476 | D:4      | Reached skill level 8 in Axes
  5054 | D:5      | Entered Level 5 of the Dungeon
  5187 | D:5      | Found a stormy altar of Qazlal.
  5303 | D:5      | Noticed Pikel
  5450 | D:5      | Reached XP level 8. HP: 70/70 MP: 8/8
  5526 | D:5      | Killed Pikel
  5526 | D:5      | Reached skill level 9 in Axes
  5526 | D:5      | Reached skill level 5 in Armour
  6027 | D:5      | Reached skill level 10 in Axes
  6027 | D:5      | Reached XP level 9. HP: 42/81 MP: 9/9
  6250 | D:5      | Found a transporter.
  6252 | D:5      | Noticed Amnesiac's ghost (amateur OgWz)
  6257 | D:5      | Found a transporter.
  6856 | D:5      | Killed Amnesiac's ghost
  6968 | D:6      | Found a staircase to the Ecumenical Temple.
  6968 | D:6      | Noticed Grinder
  6983 | D:6      | Paralysed by Grinder for 6 turns
  6991 | D:6      | Paralysed by Grinder for 5 turns
  6998 | D:6      | Paralysed by Grinder for 5 turns
  7004 | D:6      | Killed Grinder
  7303 | D:6      | Found Sahibise's Book Shoppe.
  7675 | D:6      | Reached ***** piety under Trog
  8490 | D:7      | Reached skill level 11 in Axes
  9172 | D:8      | Reached XP level 10. HP: 91/91 MP: 10/10
  9175 | D:8      | Noticed Joseph
  9196 | D:8      | Killed Joseph
  9307 | D:8      | Noticed a two-headed ogre
  9327 | D:8      | Reached skill level 10 in Fighting
  9329 | D:8      | Killed a two-headed ogre
  9329 | D:8      | Reached skill level 12 in Axes
  9432 | D:8      | Gained mutation: Your spells are a little easier to cast,
                  | but a little less powerful. [potion of mutation]
  9432 | D:8      | Gained mutation: You are resistant to hostile enchantments.
                  | (MR+) [potion of mutation]
 10345 | D:8      | Upgraded the game from 0.25-a0-1130-g3926558f3a to
                  | 0.25-a0-1133-g93ebf739aa
 10507 | D:9      | Noticed a deep elf mage
 10521 | D:9      | Killed a deep elf mage
 11038 | D:9      | Paralysed by a hornet for 3 turns
 11448 | D:9      | Reached skill level 13 in Axes
 11453 | D:9      | Reached XP level 11. HP: 102/102 MP: 11/11
 11637 | D:9      | Reached skill level 10 in Armour
 11793 | D:10     | Entered Level 10 of the Dungeon
 11834 | D:10     | Killed an unseen horror
 12090 | D:10     | Found Byhana's Food Emporium.
 12213 | D:10     | Reached skill level 1 in Shields
 12273 | D:10     | Noticed Erolcha
 12276 | D:10     | Noticed a skeletal warrior
 12276 | D:10     | Noticed a skeletal warrior
 12281 | D:10     | Noticed a skeletal warrior
 12290 | D:10     | Noticed a skeletal warrior
 12295 | D:10     | Received a gift from Trog
 12302 | D:10     | Killed Erolcha
 12314 | D:10     | Killed a skeletal warrior
 12332 | D:10     | Killed a skeletal warrior
 12343 | D:10     | HP: 5/156 [skeletal warrior/+0 glaive[a skeletal warrior]
                  | (24)]
 12748 | D:10     | Reached skill level 14 in Axes
 12765 | D:10     | Found a staircase to the Lair.
 12775 | D:10     | Killed a skeletal warrior
 13189 | D:10     | Reached XP level 12. HP: 113/113 MP: 12/12
 13672 | D:10     | Found a staircase to the Orcish Mines.
 14612 | D:11     | Noticed a four-headed hydra
 14618 | D:11     | Killed a four-headed hydra
 14718 | D:11     | Reached skill level 15 in Axes
 15281 | Lair:1   | Entered Level 1 of the Lair of Beasts
 15555 | Lair:1   | Noticed Fannar
 15573 | Lair:1   | Killed Fannar
 15573 | Lair:1   | Reached ****** piety under Trog
 16801 | Lair:2   | Noticed Gastronok
 16808 | Lair:2   | Killed Gastronok
 16808 | Lair:2   | Reached skill level 16 in Axes
 16867 | Lair:2   | Noticed a death yak
 16868 | Lair:2   | Noticed a minotaur
 16868 | Lair:2   | Noticed Flugslaktarn's ghost (journeyman MiFi)
 17030 | Lair:2   | Received a gift from Trog
 17040 | Lair:2   | Found a runed translucent gate.
 17040 | Lair:2   | Found a runed translucent gate.
 17040 | Lair:2   | Found a runed translucent gate.
 17370 | Lair:2   | Noticed a queen ant
 17376 | Lair:2   | Killed a queen ant
 17381 | Lair:2   | Reached XP level 13. HP: 125/125 MP: 13/13
 18002 | Lair:3   | Reached skill level 15 in Fighting
 18333 | Lair:3   | Reached skill level 17 in Axes
 18972 | Lair:3   | Found a runed translucent door.
 19619 | Lair:3   | Found a staircase to the Swamp.
 19861 | Lair:4   | Received a gift from Trog
 20493 | Lair:4   | Found a hole to the Spider Nest.
 20809 | Lair:4   | Reached skill level 18 in Axes
 22150 | Lair:5   | Reached XP level 14. HP: 137/138 MP: 14/14
 23022 | Lair:5   | Received a gift from Trog
 23032 | Lair:5   | Got a slimy broad axe {god gift}
 23107 | Lair:5   | Identified the +3 broad axe of the Little People
                  | {antimagic, Dex+2} (Trog gifted it to you on level 5 of the
                  | Lair of Beasts)
 23480 | Lair:5   | Found the +10 Black Knight's horse barding {ponderous,
                  | rPois rN+}
 23677 | Lair:5   | Reached skill level 19 in Axes
 23704 | Lair:5   | Got a jewelled arbalest
 23807 | Lair:6   | Entered Level 6 of the Lair of Beasts
 24377 | Lair:6   | Got a pair of crude gloves
 24424 | Lair:6   | Identified the +2 pair of gloves "Nyneadimei" {*Slow rPois
                  | rF+ rCorr} (You found it on level 6 of the Lair of Beasts)
 24541 | Lair:6   | Received a gift from Trog
 24638 | Lair:6   | Reached skill level 20 in Axes
 24766 | Lair:6   | Found a staircase to the Slime Pits.
 24766 | Lair:6   | Found a viscous altar of Jiyva.
 24814 | Lair:6   | Lost mutation: Your spells are a little easier to cast, but
                  | a little less powerful. [potion of mutation]
 24814 | Lair:6   | Lost mutation: You are resistant to hostile enchantments.
                  | (MR+) [potion of mutation]
 24814 | Lair:6   | Gained mutation: You are somewhat resistant to further
                  | mutation. [potion of mutation]
 24873 | Lair:6   | Found a runed translucent gate.
 24874 | Lair:6   | Found a runed translucent gate.
 24874 | Lair:6   | Found a runed translucent gate.
 24875 | Lair:6   | Noticed Cleanse's ghost (journeyman HOFi)
 24875 | Lair:6   | Noticed Kazezu's ghost (journeyman OpHu)
 25436 | Lair:6   | Reached XP level 15. HP: 150/150 MP: 15/15
 25841 | Lair:6   | Killed Cleanse's ghost
 25843 | Lair:6   | Killed Kazezu's ghost
 26204 | Orc:1    | Entered Level 1 of the Orcish Mines
 26204 | Orc:1    | Found Siloid's General Store.
 26204 | Orc:1    | Noticed Harold
 26206 | Orc:1    | Paralysed by an orc sorcerer for 5 turns
 26241 | D:10     | Killed Harold
 26470 | Orc:2    | Entered Level 2 of the Orcish Mines
 26531 | Orc:2    | Found a staircase to the Elven Halls.
 26537 | Orc:2    | Found a roughly hewn altar of Beogh.
 26635 | Orc:2    | Received a gift from Trog
 27454 | Orc:2    | Found Vipu Huck's Magic Scroll Shop.
 27454 | Orc:2    | Found Ziedis's Weapon Shop.
 27457 | Orc:2    | Found Forab's General Store.
 27459 | Orc:2    | Found Pifib's Antique Armour Boutique.
 28255 | D:12     | Reached skill level 21 in Axes
 28421 | D:12     | Paralysed by a hornet for 2 turns
 28730 | D:12     | Paralysed by a floating eye for 4 turns
 29317 | D:12     | Noticed Psyche
 29321 | D:12     | Killed Psyche
 29746 | D:13     | Found a gate to the Vaults.
 29887 | D:13     | Received a gift from Trog
 30941 | D:13     | Found Liaraina's Gadget Emporium.
 31099 | Orc:1    | Bought the +9 scales of the Dragon King {rPois rF+ rC+ MR+}
                  | for 1996 gold pieces
 31099 | Orc:1    | Found the +9 scales of the Dragon King {rPois rF+ rC+ MR+}
 31605 | D:14     | Reached XP level 16. HP: 125/162 MP: 16/16
 32154 | D:14     | Reached skill level 22 in Axes
 32576 | D:15     | Entered Level 15 of the Dungeon
 33149 | D:15     | Received a gift from Trog
 33265 | D:15     | Found a staircase to the Depths.
 34016 | D:15     | Found Xaponos's Antique Armour Emporium.
 34492 | Swamp:1  | Entered Level 1 of the Swamp
 34538 | Swamp:1  | Received a gift from Trog
 34664 | Swamp:1  | Found a runed translucent door.
 34664 | Swamp:1  | Found a shimmering altar of Xom.
 34664 | Swamp:1  | Noticed kaycho's ghost (adept MfMo)
 34664 | Swamp:1  | Identified the +3 morningstar of the Establishment {chaos,
                  | Str+5 Dex-5}
 35748 | Swamp:1  | Killed kaycho's ghost
 35936 | Swamp:2  | Noticed Jorgrun
 35947 | Swamp:2  | Killed Jorgrun
 35947 | Swamp:2  | Reached skill level 23 in Axes
 36178 | Swamp:2  | Reached XP level 17. HP: 95/173 MP: 17/17
 36178 | Swamp:2  | Noticed Kirke
 36187 | Swamp:2  | Killed Kirke
 36735 | Swamp:3  | Received a gift from Trog
 37221 | Swamp:3  | Noticed Louise
 37622 | Swamp:3  | Killed Louise
 38047 | Swamp:4  | Entered Level 4 of the Swamp
 39482 | Swamp:4  | Received a gift from Trog
 39518 | Swamp:4  | Reached skill level 24 in Axes
 39532 | Swamp:4  | Noticed a tentacled monstrosity
 39543 | Swamp:4  | Killed a tentacled monstrosity
 39659 | Swamp:4  | Reached XP level 18. HP: 159/184 MP: 18/18
 39793 | Swamp:4  | Got a decaying rune of Zot
 40011 | Spider:1 | Entered Level 1 of the Spider Nest
 41466 | Spider:2 | Received a gift from Trog
 41659 | Spider:3 | Identified the cursed +0 kite shield "Gimeonun" {rC+ rN+
                  | Regen+ Stlth+}
 41659 | Spider:3 | Noticed Donald
 41668 | Spider:3 | Killed Donald
 41693 | Spider:3 | Blown up by an orb spider

Illustrated notes

Levels and vault maps discovered:
D:1:      lemuel_arrival_behind_the_door_large, layout_rooms, st_stairs_8
D:2:      layout_basic
D:3:      layout_rooms, ebering_ghost_disaster_area, tgw_xom
D:4:      layout_basic, first_ration
D:5:      layout_basic, nicolae_overflow_crystal_walls,
          gammafunk_ghost_mausoleum, uniq_pikel
D:6:      lemuel_ratsnest, layout_basic, minmay_temple_entry_stoned_glass,
          serial_shops, shop_coins, uniq_grinder
D:7:      layout_basic, mrwooster_statue_mirror
D:8:      layout_rooms, hangedman_little_slice_of_home,
          kennysheep_generic_room_6, uniq_joseph
D:9:      layout_loops_ring, roderic_batcave
D:10:     layout_loops_ring, minmay_lair_entry_grove, hiddenorc1_lemuel,
          serial_shops, shop, grunt_ministairs_15, uniq_erolcha
D:11:     layout_grid_maze, chequers_arboretum
D:12:     layout_loops_ring, portal_ice_cave_rime, onia_ninara_cookie,
          uniq_psyche
D:13:     layout_roguey [special_room_orc], erik_vaults_1,
          gauntlet_entry_generic, serial_shops, shop
D:14:     layout_basic, minmay_crystal_water
D:15:     gammafunk_depths_entry_grave, layout_basic, serial_shops, shop,
          chequers_serial_rivers_micro_c
Lair:1:   layout_layer_cave, uniq_fannar
Lair:2:   layout_cave_shapes, maelrawn_ghost_gauntlet_escape, wad_woods_antlair,
          serial_bayou_shore_b, uniq_gastronok
Lair:3:   layout_concentric_octagons, swamp_mist, st_stairs_5,
          nicolae_quartered_pool_little, pf_torpor_hydra
Lair:4:   layout_roguey, dummy_spider_entry, forest_entry_grove
Lair:5:   layout_cave_pods, minmay_lindwurm_lava
Lair:6:   minmay_lair_end_enchanted_forest, layout_cave_pods, slime_altar_1,
          gammafunk_ghost_cemetery, grunt_megastairs_3
Swamp:1:  layout_basic_swamp, ebering_ghost_xom, hangedman_swamp_diagram,
          swamp_pool2
Swamp:2:  layout_basic_swamp, hangedman_swamp_ruin_hall, uniq_jorgrun,
          uniq_kirke
Swamp:3:  layout_basic_swamp, nicolae_swamp_orc_logging_accident, uniq_louise
Swamp:4:  swamp_vile, layout_basic_swamp
Spider:1: layout_spider_delve, drop_trap
Spider:2: layout_spider_delve
Spider:3: layout_spider_delve, uniq_arachne, uniq_donald, uniq_roxanne
Orc:1:    layout_caves, serial_shops, shop, basic_altar, uniq_harold
Orc:2:    st_orc_mages, layout_caves, basic_altar, nicolae_orc_stony_grotto,
          nicolae_orc_bridge_out

Skill      XL: |  1  2  3  4  5  6  7  8  9 10 11 12 13 14 15 16 17 18 |
---------------+-------------------------------------------------------+-----
Fighting       | 4 5 6 7 9 11 12 14 16 18 20 21 22 | 22.6
Axes           | 5 6 7 8 10 11 13 14 16 18 20 21 23 24 | 24.5
Dodging        | 2 3 |  3.1
Armour         | 4 6 7 9 11 13 14 | 14.3
Stealth        | 1 |  1.0
Shields        | 3 |  3.2

Action                   |  1- 3 |  4- 6 |  7- 9 | 10-12 | 13-15 | 16-18 || total
-------------------------+-------+-------+-------+-------+-------+-------++-------
Melee: Hand axe          |    99 |   204 |   431 |   415 |       |       ||  1149
       Battleaxe         |       |       |       |   283 |    58 |       ||   341
       Executioner's axe |       |       |       |       |   814 |   906 ||  1720
       Unarmed           |       |       |       |       |       |    16 ||    16
Throw: Stone             |       |       |     3 |       |       |       ||     3
       Boomerang         |       |       |     1 |    11 |     9 |       ||    21
Invok: Berserk           |     2 |     8 |    12 |    23 |    24 |    15 ||    84
Evoke: Wand              |       |       |       |     6 |    28 |       ||    34
  Use: Scroll            |     5 |       |     9 |     9 |    15 |    15 ||    53
       Potion            |       |       |     3 |     7 |     5 |     4 ||    19
 Stab: Sleeping          |       |     1 |       |       |       |       ||     1
       Distracted        |       |       |       |       |     1 |       ||     1
       Confused          |       |       |       |       |       |     1 ||     1
  Eat: Chunk             |     2 |    16 |    19 |    26 |    41 |    11 ||   115
       Ration            |       |       |     3 |     7 |     8 |    11 ||    29
Armor: Animal skin       |    35 |    11 |       |       |       |       ||    46
       Scale mail        |       |    62 |    97 |       |       |       ||   159
       Leather armour    |       |     5 |       |       |       |       ||     5
       Plate armour      |       |       |    39 |   327 |   672 |       ||  1038
       Chain mail        |       |       |    12 |       |       |       ||    12
       Skin              |       |       |       |    27 |    17 |       ||    44
       Gold dragon scale |       |       |       |       |    62 |  1130 ||  1192
Dodge: Dodged            |    80 |   147 |   168 |   240 |   423 |   429 ||  1487
Block: Tower shield      |       |       |       |   105 |       |       ||   105

Table legend:
 A = Non-vault XP
 B = Vault XP
 C = Vault XP percentage of total XP
 D = Non-vault monster count
 E = Vault monster count
 F = Vault count percentage of total count
                 A         B        C        D         E       F
            +---------+---------+-------+---------+---------+-------
      Total |  188491 |   83568 |  30.7 |     830 |     305 |  26.9
            +---------+---------+-------+---------+---------+-------
        D:1 |      34 |       1 |   2.9 |      22 |       1 |   4.3
        D:2 |     341 |       0 |   0.0 |      39 |       0 |   0.0
        D:3 |      95 |     106 |  52.7 |      29 |       1 |   3.3
        D:4 |     354 |       0 |   0.0 |      22 |       0 |   0.0
        D:5 |     890 |     884 |  49.8 |      21 |       5 |  19.2
        D:6 |     487 |     462 |  48.7 |      23 |      30 |  56.6
        D:7 |     961 |       0 |   0.0 |      17 |       0 |   0.0
        D:8 |    2002 |     635 |  24.1 |      26 |      10 |  27.8
        D:9 |    2802 |      66 |   2.3 |      36 |       7 |  16.3
       D:10 |    7138 |    4029 |  36.1 |      40 |      33 |  45.2
       D:11 |    3308 |       0 |   0.0 |      35 |       0 |   0.0
       D:12 |    8303 |    4212 |  33.7 |      31 |      23 |  42.6
       D:13 |    7260 |    3482 |  32.4 |      33 |      27 |  45.0
       D:14 |   11380 |       0 |   0.0 |      36 |       0 |   0.0
       D:15 |   21222 |    4103 |  16.2 |      59 |       8 |  11.9
     Lair:1 |    2847 |    1023 |  26.4 |      13 |       1 |   7.1
     Lair:2 |    2167 |    4017 |  65.0 |      10 |      14 |  58.3
     Lair:3 |    8407 |     137 |   1.6 |      29 |       1 |   3.3
     Lair:4 |    8972 |    1224 |  12.0 |      29 |       7 |  19.4
     Lair:5 |    9819 |    2574 |  20.8 |      24 |       4 |  14.3
     Lair:6 |    9451 |   16950 |  64.2 |      33 |      59 |  64.1
    Swamp:1 |    5794 |    3090 |  34.8 |      21 |       2 |   8.7
    Swamp:2 |   13632 |    5402 |  28.4 |      38 |       4 |   9.5
    Swamp:3 |   18873 |    1686 |   8.2 |      44 |       1 |   2.2
    Swamp:4 |   16336 |   22069 |  57.5 |      36 |      30 |  45.5
   Spider:1 |    9133 |       0 |   0.0 |      26 |       0 |   0.0
   Spider:2 |    7331 |       0 |   0.0 |      22 |       0 |   0.0
   Spider:3 |    6853 |    1816 |  20.9 |      15 |       1 |   6.2
      Orc:2 |    2299 |    5600 |  70.9 |      21 |      36 |  63.2
            +---------+---------+-------+---------+---------+-------
